[Event "ETCC Open 2023"]
[Site "Budva"]
[Date "2023.11.14"]
[Round "4.56"]
[White "Lenaerts, Lennert"]
[Black "Rasmussen, Allan Stig"]
[Result "0-1"]
[ECO "D85"]
[WhiteElo "2322"]
[BlackElo "2507"]
[Annotator "ChessBase"]
[PlyCount "72"]
[EventDate "2023.11.10"]
[EventType "team-tourn"]
[EventCountry "MNE"]
[SourceTitle "playchess.com"]
[Source "ChessBase"]
[SourceQuality "1"]
[WhiteTeam "Belgium"]
[BlackTeam "Denmark"]
[WhiteTeamCountry "BEL"]
[BlackTeamCountry "DEN"]
[TimeControl "40/5400+30:1800+30"]

1. d4 Nf6 2. c4 g6 3. Nc3 d5 4. cxd5 Nxd5 5. e4 Nxc3 6. bxc3 Bg7 7. Qa4+ Qd7 8. Qa3 O-O 9. Nf3 b6 10. Bd3 c5 11. O-O Nc6 12. Bb5 a6 13. d5 axb5 14. Qxa8 Na5 15. Qb8 Nc4 16. Qg3 b4 17. Nd2 Ba6 18. Nxc4 Bxc4 19. Bd2 Bxf1 20. Rxf1 e6 21. cxb4 exd5 22. bxc5 bxc5 23. exd5 Qxd5 24. Bc3 Bd4 25. Bxd4 cxd4 26. Rd1 Rc8 27. h3 Rc4 28. Rd3 Qe4 29. Qf3 Qe1+ 30. Kh2 Rc3 31. a4 Rxd3 32. Qxd3 Qc3 33. Qb1 d3 34. a5 d2 35. a6 Qe5+ 36. g3 Qd4 0-1

[Event "ETCC Open 2023"]
[Site "Budva"]
[Date "2023.11.14"]
[Round "4.57"]
[White "Grandelius, Nils"]
[Black "Pasko, Llambi"]
[Result "1/2-1/2"]
[ECO "A11"]
[WhiteElo "2688"]
[BlackElo "2395"]
[Annotator "TA"]
[PlyCount "119"]
[EventDate "2023.11.10"]
[EventType "team-tourn"]
[EventCountry "MNE"]
[SourceTitle "playchess.com"]
[Source "ChessBase"]
[SourceQuality "1"]
[WhiteTeam "Sweden"]
[BlackTeam "Albania"]
[WhiteTeamCountry "SWE"]
[BlackTeamCountry "ALB"]
[TimeControl "40/5400+30:1800+30"]

1. Nf3 d5 2. e3 Nf6 3. c4 c6 4. Qc2 e6 5. b3 Bd6 6. Bb2 {[%emt 0:00:21] A11: English Opening: 1...c6.} Nbd7 7. d4 O-O 8. Bd3 {[%emt 0:00:40] White has an edge.} Re8 9. Ne5 dxc4 10. bxc4 Qa5+ 11. Bc3 Bb4 12. f4 c5 13. O-O cxd4 14. exd4 Rd8 15. Bb2 {[%emt 0:05:11] [#] White is more active.} Nf8 $146 ({Predecessor:} 15... Nb8 16. g4 Qb6 17. c5 Qc7 18. g5 Nd5 19. Bxh7+ Kf8 20. Be4 Na6 21. Qb3 b6 {1-0 Vrolijk,L (2464)-Leonard,T (2088) Dortmund NRW Cup U20 49th 2022 (7)}) 16. a3 Be7 17. Nd2 Bd7 18. Ndf3 Be8 19. f5 Qa4 20. Qe2 h6 (20... b5 $16 {might work better.}) 21. Kh1 $18 (21. fxe6 $6 Nxe6 22. g3 Qa5) 21... b5 22. fxe6 (22. cxb5 Rab8 $16) 22... Nxe6 {[%emt 0:00:55] [#]} 23. Ng6 {[%emt 0:01:56] Against Nf4} Bd6 (23... Bf8 $16) 24. c5 $1 (24. cxb5 Rab8 $17) 24... Bc7 (24... Bf8 $142 25. Bf5 Qc4) 25. Ne7+ Kf8 26. Ng6+ {[%emt 0:00:51][%mdl 64] Deflection} Kg8 $1 27. Ne7+ Kf8 {[%emt 0:00:05] [#] And now ...Nf4 would win.} 28. Nf5 $1 {[%emt 0:00:04] N3h4 is the strong threat.} Nd5 29. Qf2 Qb3 (29... a5 $142 30. Bc1 Ra6) 30. Be4 Rab8 31. Rab1 b4 32. axb4 Rxb4 {[%emt 0:02:45] [#]} 33. Ba1 (33. Qh4 $1 $18 Qc4 34. Rfe1 (34. Bxd5 Qxd5 35. Ne1 Rb3 $11)) 33... Qa4 $16 34. Rbe1 {[%emt 0:02:10][%cal Of5h6] aiming for Nxh6!} Nf6 $2 (34... Bb5 $16) 35. Bc2 Qa2 36. Bc3 Rbb8 (36... Ba4 37. Ne3 Bxc2 38. Bxb4 a5) 37. Ne3 $2 (37. Nxg7 $18 Nxg7 38. Nh4 (38. Qe2 Bb5 $17)) 37... Qa3 $2 (37... Bf4 $16 {was necessary.} 38. Ra1 {[%mdl 64] Trapped Piece} Bxe3 39. Rxa2 Bxf2 40. Rxf2 Bc6) 38. Ba1 {[%emt 0:01:55][%cal Od4d5] Black must now prevent d5!} Qa2 39. Qh4 (39. d5 $18 {has better winning chances.} Nxd5 40. Nf5) 39... Bc6 $2 (39... Ba5 $16) 40. Ne5 $2 ({Only move:} 40. d5 $18 Rxd5 41. Bxf6 Rxc5 42. Be7+ Kg8 43. Bxc5 Bxf3 44. Rxf3 Nxc5 45. Qe7) 40... Bxe5 $15 41. dxe5 Nd5 $36 {[%emt 0:00:29][%mdl 2048] Black is more active.} 42. Nxd5 Qxc2 (42... Rxd5 $15 43. Qf2 Rb7) 43. Qe7+ $11 ({Don't go for} 43. Rxf7+ $2 Kxf7 44. Qe7+ Kg8 45. Qxe6+ Kh8 $19) 43... Kg8 44. Qxf7+ Kh8 45. Qxe6 Bxd5 46. Qg4 {[%emt 0:00:04] Threatens to win with e6.} Rb4 $1 {[%emt 0:02:15][%mdl 64] Deflection} 47. Qg3 (47. Qxb4 $2 Qxg2#) 47... Be6 48. Rc1 Qa2 {[%emt 0:01:01] ...Rg4 would be deadly.} 49. c6 (49. h3 $5 ) 49... Rc4 {[%emt 0:04:54] The position is equal.} (49... Rg4 $5 50. c7 $8 Rc8 $11) 50. h3 {[%emt 0:00:32] Threatening Qg6.} Qa6 51. c7 Rxc7 {[%emt 0:01:28][%mdl 64] Deflection} 52. Rxc7 Qxf1+ 53. Kh2 Qf8 (53... Qxa1 $2 54. Qxg7#) 54. Rxa7 Ra8 55. Rxa8 Qxa8 56. Qg6 Qg8 57. Bd4 Qf7 58. Qe4 Bd5 59. Qe3 Be6 60. Qe4 {[%emt 0:00:12] Blacks defense is rewarded with a draw. A fantastic game!   Weighted Error Value: White=0.54/Black=0.35} 1/2-1/2

[Event "ETCC Open 2023"]
[Site "Budva"]
[Date "2023.11.14"]
[Round "4.58"]
[White "Mehmeti, Dritan"]
[Black "Blomqvist, Erik"]
[Result "0-1"]
[ECO "D19"]
[WhiteElo "2377"]
[BlackElo "2520"]
[Annotator "ChessBase"]
[PlyCount "90"]
[EventDate "2023.11.10"]
[EventType "team-tourn"]
[EventCountry "MNE"]
[SourceTitle "playchess.com"]
[Source "ChessBase"]
[SourceQuality "1"]
[WhiteTeam "Albania"]
[BlackTeam "Sweden"]
[WhiteTeamCountry "ALB"]
[BlackTeamCountry "SWE"]
[TimeControl "40/5400+30:1800+30"]

1. d4 d5 2. Nf3 Nf6 3. c4 c6 4. Nc3 dxc4 5. a4 Bf5 6. e3 e6 7. Bxc4 Bb4 8. O-O O-O 9. Qe2 Bg6 10. Ne5 Nbd7 11. Nxg6 hxg6 12. Rd1 Qc7 13. Bd2 a5 14. Qf3 Rad8 15. Ne4 Bxd2 16. Rxd2 Nxe4 17. Qxe4 Qb6 18. Rad1 Qb4 19. Qc2 Nf6 20. Bb3 Rd7 21. f3 Rfd8 22. Qc3 Qb6 23. Rd3 g5 24. g4 Rd6 25. Kg2 Nd7 26. Bc2 Nb8 27. R3d2 Na6 28. Be4 Nb4 29. Kg3 Qc7 30. f4 Nd5 31. Bxd5 exd5 32. Rf1 Re8 33. Rf3 Re4 34. h4 gxh4+ 35. Kxh4 Rh6+ 36. Kg3 g5 37. Rg2 Qd6 38. Qd2 Rh4 39. Kf2 b6 40. Qc1 c5 41. dxc5 bxc5 42. b3 d4 43. fxg5 dxe3+ 44. Rxe3 Qf4+ 45. Ke2 Rh3 0-1

[Event "ETCC Open 2023"]
[Site "Budva"]
[Date "2023.11.14"]
[Round "4.59"]
[White "Hillarp Persson, Tiger"]
[Black "Ashiku, Franc"]
[Result "1/2-1/2"]
[ECO "D00"]
[WhiteElo "2502"]
[BlackElo "2396"]
[Annotator "ChessBase"]
[PlyCount "114"]
[EventDate "2023.11.10"]
[EventType "team-tourn"]
[EventCountry "MNE"]
[SourceTitle "playchess.com"]
[Source "ChessBase"]
[SourceQuality "1"]
[WhiteTeam "Sweden"]
[BlackTeam "Albania"]
[WhiteTeamCountry "SWE"]
[BlackTeamCountry "ALB"]
[TimeControl "40/5400+30:1800+30"]

1. d4 d5 2. Bf4 e6 3. e3 c5 4. c3 Nc6 5. Nd2 Bd6 6. Bxd6 Qxd6 7. Qg4 g6 8. Ngf3 f6 9. Qg3 Qxg3 10. hxg3 cxd4 11. exd4 Nge7 12. g4 g5 13. O-O-O Kf7 14. Be2 Bd7 15. Nf1 h6 16. Ne3 Rad8 17. g3 Kg7 18. Ne1 Nc8 19. f4 Nd6 20. Bf3 Ne7 21. Nd3 b6 22. Rde1 Ng6 23. Nd1 Ne4 24. Rhg1 Bb5 25. Bxe4 dxe4 26. N3f2 gxf4 27. Rxe4 e5 28. gxf4 Nxf4 29. dxe5 Ne2+ 30. Rxe2 Bxe2 31. exf6+ Kxf6 32. Ne3 Kg5 33. Nh3+ Kh4 34. Nf4 Rhe8 35. Nf5+ Kg5 36. Nh3+ Kg6 37. Nf4+ Kg5 38. Nh3+ Kg6 39. Nf4+ Kg5 40. Nh3+ Kg6 41. Nf4+ Kf6 42. Nxh6 Rd1+ 43. Rxd1 Bxd1 44. Nd5+ Kg6 45. Kxd1 Kxh6 46. Kc2 Kg5 47. b4 Rd8 48. c4 Kxg4 49. Kb3 Kf5 50. Ka4 Ke5 51. Kb5 Kd4 52. Ne7 a6+ 53. Kxb6 Kxc4 54. Nc6 Rd6 55. a4 Rxc6+ 56. Kxc6 Kxb4 57. a5 Kxa5 1/2-1/2

[Event "ETCC Open 2023"]
[Site "Budva"]
[Date "2023.11.14"]
[Round "4.60"]
[White "Veleshnja, Zino"]
[Black "Kucuksari, Kaan"]
[Result "0-1"]
[ECO "A80"]
[WhiteElo "2269"]
[BlackElo "2474"]
[Annotator "ChessBase"]
[PlyCount "102"]
[EventDate "2023.11.10"]
[EventType "team-tourn"]
[EventCountry "MNE"]
[SourceTitle "playchess.com"]
[Source "ChessBase"]
[SourceQuality "1"]
[WhiteTeam "Albania"]
[BlackTeam "Sweden"]
[WhiteTeamCountry "ALB"]
[BlackTeamCountry "SWE"]
[TimeControl "40/5400+30:1800+30"]

1. d4 f5 2. Nc3 Nf6 3. Bg5 d5 4. Bxf6 exf6 5. e3 Be6 6. Bd3 Nc6 7. a3 Qd7 8. Nge2 g5 9. Qd2 O-O-O 10. O-O-O Kb8 11. Na4 b6 12. Bb5 Qd6 13. Kb1 Ne7 14. h4 Nc8 15. Qc1 Qe7 16. f4 Nd6 17. Bd3 gxf4 18. Nxf4 Rg8 19. Nc3 c6 20. Nce2 Bh6 21. Rh3 Bf7 22. Rf1 Rde8 23. Qe1 Kb7 24. Qf2 Kc7 25. Qf3 a5 26. Qf2 Kb8 27. Qe1 Rg4 28. Qf2 Ka7 29. Qf3 Qd7 30. Qf2 Reg8 31. Qf3 Be8 32. Qf2 Qe7 33. Qf3 Bd7 34. Qf2 Bc8 35. Ka2 Qe8 36. b3 Qe7 37. Kb2 Bf8 38. a4 Bh6 39. Qe1 Bd7 40. Qf2 Kb8 41. Qe1 Re8 42. Qc3 Reg8 43. Qe1 Bc8 44. Qc3 Bb7 45. Qe1 Ka7 46. Qc3 Bf8 47. Qe1 Ne4 48. Bxe4 fxe4 49. Rg3 Rxg3 50. Nxg3 Qa3+ 51. Kb1 Bb4 0-1

[Event "ETCC Open 2023"]
[Site "Budva"]
[Date "2023.11.14"]
[Round "4.61"]
[White "Georgiadis, Nico"]
[Black "Laurusas, Tomas"]
[Result "0-1"]
[ECO "D15"]
[WhiteElo "2556"]
[BlackElo "2566"]
[Annotator "ChessBase"]
[PlyCount "96"]
[EventDate "2023.11.10"]
[EventType "team-tourn"]
[EventCountry "MNE"]
[SourceTitle "playchess.com"]
[Source "ChessBase"]
[SourceQuality "1"]
[WhiteTeam "Switzerland"]
[BlackTeam "Lithuania"]
[WhiteTeamCountry "SUI"]
[BlackTeamCountry "LTU"]
[TimeControl "40/5400+30:1800+30"]

1. d4 d5 2. c4 c6 3. Nf3 Nf6 4. Nc3 a6 5. e3 g6 6. a4 a5 7. cxd5 cxd5 8. Bb5+ Nc6 9. Ne5 Bd7 10. O-O e6 11. Nxd7 Qxd7 12. f3 Bg7 13. e4 O-O 14. e5 Ne8 15. Be3 Nc7 16. Be2 Qe7 17. Qb3 Qb4 18. Qxb4 Nxb4 19. Rac1 Rfc8 20. f4 f5 21. exf6 Bxf6 22. g4 Ne8 23. Nb5 Rc6 24. f5 exf5 25. gxf5 Nc2 26. Bf2 Bg5 27. Rcd1 gxf5 28. Kh1 Nf6 29. Bd3 Ne4 30. Nc3 Nb4 31. Bg3 Rf8 32. Be5 Be3 33. Bxe4 fxe4 34. Rxf8+ Kxf8 35. Rf1+ Ke7 36. Rf5 Rg6 37. Bg3 Bxd4 38. Rh5 Ke6 39. Nb5 Bb6 40. Rxh7 d4 41. Rxb7 Nd5 42. Bf2 Ke5 43. Rxb6 Nxb6 44. Bxd4+ Kf4 45. b3 Kf3 46. Bc3 Kf2 47. h3 Nd5 48. Bxa5 Rh6 0-1

[Event "ETCC Open 2023"]
[Site "Budva"]
[Date "2023.11.14"]
[Round "4.62"]
[White "Kazakouski, Valery"]
[Black "Bogner, Sebastian"]
[Result "1/2-1/2"]
[ECO "A11"]
[WhiteElo "2577"]
[BlackElo "2536"]
[Annotator "ChessBase"]
[PlyCount "121"]
[EventDate "2023.11.10"]
[EventType "team-tourn"]
[EventCountry "MNE"]
[SourceTitle "playchess.com"]
[Source "ChessBase"]
[SourceQuality "1"]
[WhiteTeam "Lithuania"]
[BlackTeam "Switzerland"]
[WhiteTeamCountry "LTU"]
[BlackTeamCountry "SUI"]
[TimeControl "40/5400+30:1800+30"]

1. Nf3 d5 2. g3 Bg4 3. Bg2 e6 4. c4 c6 5. Qb3 Qb6 6. d3 Nf6 7. Be3 Qxb3 8. axb3 Bxf3 9. Bxf3 a6 10. Bd2 Nbd7 11. Bc3 Bd6 12. Nd2 O-O 13. O-O Rfd8 14. b4 Be5 15. d4 Bc7 16. Bg2 Rab8 17. Rfc1 h6 18. Rc2 Nb6 19. b3 Nbd7 20. e3 Bd6 21. Rd1 Rbc8 22. Nb1 Re8 23. Kf1 Ng4 24. h3 Ngf6 25. Be1 Nf8 26. Rdc1 Ng6 27. Bf3 Ne7 28. Ra2 Ne4 29. Nc3 Nxc3 30. Bxc3 Kf8 31. Bg2 Ng8 32. Be1 Nf6 33. Rd1 Rcd8 34. Bf3 Rc8 35. Be2 Ne4 36. Kg2 Kg8 37. Bd3 Nf6 38. Rc2 Rc7 39. Rdc1 Rec8 40. f3 Rd7 41. b5 axb5 42. cxb5 Ba3 43. Ra1 Bf8 44. Kf1 g6 45. Rac1 Rb8 46. Ke2 Kg7 47. Ra1 Bd6 48. g4 g5 49. bxc6 bxc6 50. Rb1 Rc7 51. Bd2 Bb4 52. Bc1 Nd7 53. e4 Bd6 54. Bd2 Bf4 55. Ba5 Ra7 56. Be1 Rb6 57. b4 Bd6 58. b5 cxb5 59. Rxb5 Rxb5 60. Bxb5 Nf8 61. Bc6 1/2-1/2

[Event "ETCC Open 2023"]
[Site "Budva"]
[Date "2023.11.14"]
[Round "4.63"]
[White "Kurmann, Oliver"]
[Black "Pultinevicius, Paulius"]
[Result "0-1"]
[ECO "B12"]
[WhiteElo "2436"]
[BlackElo "2589"]
[Annotator "TA"]
[PlyCount "62"]
[EventDate "2023.11.10"]
[EventType "team-tourn"]
[EventCountry "MNE"]
[SourceTitle "playchess.com"]
[Source "ChessBase"]
[SourceQuality "1"]
[WhiteTeam "Switzerland"]
[BlackTeam "Lithuania"]
[WhiteTeamCountry "SUI"]
[BlackTeamCountry "LTU"]
[TimeControl "40/5400+30:1800+30"]

1. e4 c6 2. d4 d5 3. e5 c5 4. Nf3 cxd4 5. Qxd4 Nc6 6. Qf4 {[%emt 0:00:08] B12: Caro-Kann: Advance Variation.} e6 7. Nc3 ({Much weaker is} 7. Ng5 f6 8. Nf3 (8. exf6 $2 gxf6 9. Nxe6 Bxe6 $19) 8... fxe5 9. Nxe5 Qc7 10. Nxc6 (10. Bb5 $2 Bd6 $19) 10... Bd6 $15) 7... Nge7 8. Bd3 {[%emt 0:01:47] The position is equal.} Ng6 9. Qg3 Nb4 10. h4 Nxd3+ 11. cxd3 h5 {[%emt 0:01:03] [#]} 12. Bg5 $146 ({Predecessor:} 12. O-O Be7 13. Bg5 Bd7 14. Ne2 Rc8 15. Nf4 Nxf4 16. Bxf4 g6 17. Rfc1 Rxc1+ 18. Rxc1 {1-0 Moussard,J (2667)-Narayanan,S (2559) ChessKid Cup Play In blitz 2023 (2)}) 12... Qb6 13. O-O Bd7 14. Rfc1 Bc5 (14... Rc8 $5 ) 15. Ne2 Rc8 (15... Qxb2 $11 16. Nf4 (16. Rab1 Qxe2 17. Rxc5 b6 $17) 16... Nxf4 17. Bxf4 Bc6) 16. d4 (16. Nf4 $16 {Nxg6 would be deadly.} Nxf4 17. Bxf4) 16... Qxb2 $11 17. Nc3 (17. Nf4 $11 Nxf4 18. Bxf4) 17... Bb6 $15 18. Bd2 {[%emt 0:06:22] [#]} Rc4 $1 {[%emt 0:08:36] Black is much more active.} ({But not} 18... Bxd4 19. Rab1 Bxe5 20. Rxb2 $16) 19. a4 Bxd4 (19... O-O $17 {aiming for ...Rfc8.} 20. Ra2 Qb4) 20. Rab1 $11 Qa3 21. Nb5 {[%emt 0:00:43][%mdl 8192] This move loses the game for White.} (21. Nxd4 $11 Rxd4 22. Qe3 (22. Rxb7 O-O $15)) 21... Bxb5 $19 (21... Qxa4 $2 22. Nd6+ Kf8 23. Nxc4 dxc4 24. Nxd4 $18) 22. axb5 (22. Rxc4 $142 Bxc4 23. Nxd4 Qxg3 24. fxg3) 22... Bc5 23. Rxc4 dxc4 24. Rc1 Qd3 25. Rc3 Qd5 26. Kh2 Bb4 27. Rc2 Bxd2 28. Rxd2 (28. Nxd2 {was forced.} b6 29. Nxc4) 28... Qc5 29. Rd6 $2 (29. Ng5 O-O 30. f4 Qxb5 31. Qf3) 29... c3 {[%emt 0:00:22] [#] And now ...c2 would win. Black is clearly winning.} 30. Qg5 O-O {[%emt 0:00:20] Threatens to win with ...c2.} (30... Qxf2 $2 31. Qd8#) 31. Qxh5 Nf4 {[%emt 0:00:19] Weighted Error Value: White=0.76/Black=0.25 (precise)} 0-1

[Event "ETCC Open 2023"]
[Site "Budva"]
[Date "2023.11.14"]
[Round "4.64"]
[White "Klabis, Rokas"]
[Black "Baenziger, Fabian"]
[Result "1-0"]
[ECO "C45"]
[WhiteElo "2412"]
[BlackElo "2422"]
[Annotator "ChessBase"]
[PlyCount "67"]
[EventDate "2023.11.10"]
[EventType "team-tourn"]
[EventCountry "MNE"]
[SourceTitle "playchess.com"]
[Source "ChessBase"]
[SourceQuality "1"]
[WhiteTeam "Lithuania"]
[BlackTeam "Switzerland"]
[WhiteTeamCountry "LTU"]
[BlackTeamCountry "SUI"]
[TimeControl "40/5400+30:1800+30"]

1. e4 e5 2. Nf3 Nc6 3. d4 exd4 4. Nxd4 Qf6 5. Nxc6 Bc5 6. Qf3 bxc6 7. Nd2 d6 8. Nb3 Bb6 9. a4 a5 10. Bd2 Qxf3 11. gxf3 Ne7 12. h4 f5 13. h5 fxe4 14. fxe4 O-O 15. Rh2 Bg4 16. Be2 Bxe2 17. Kxe2 d5 18. Rg1 Rf7 19. Rg4 dxe4 20. Rxe4 Nf5 21. Re5 c5 22. Bc3 c6 23. Rg2 c4 24. Nd2 Nd4+ 25. Kf1 Nxc2 26. Nxc4 Bd4 27. Re2 Bxc3 28. bxc3 Rf4 29. Re7 Rf7 30. Rxf7 Kxf7 31. f3 Na1 32. Rb2 Rd8 33. Rb1 Nc2 34. Rc1 1-0

[Event "ETCC Open 2023"]
[Site "Budva"]
[Date "2023.11.14"]
[Round "4.65"]
[White "Tomic, Aleksandar"]
[Black "Schitco, Ivan"]
[Result "0-1"]
[ECO "D00"]
[WhiteElo "2411"]
[BlackElo "2503"]
[Annotator "ChessBase"]
[PlyCount "50"]
[EventDate "2023.11.10"]
[EventType "team-tourn"]
[EventCountry "MNE"]
[SourceTitle "playchess.com"]
[Source "ChessBase"]
[SourceQuality "1"]
[WhiteTeam "Montenegro"]
[BlackTeam "Moldova"]
[WhiteTeamCountry "MNE"]
[BlackTeamCountry "MDA"]
[TimeControl "40/5400+30:1800+30"]

1. d4 d5 2. Nf3 Nf6 3. Bf4 g6 4. e3 Bg7 5. Nc3 O-O 6. h4 h6 7. Ne5 Nbd7 8. Nxd7 Bxd7 9. Be5 c6 10. Bd3 Qb6 11. Na4 Qa5+ 12. c3 Rae8 13. Nc5 Bc8 14. Qe2 Qd8 15. a4 b6 16. Nb3 Ng4 17. Bxg7 Kxg7 18. h5 e5 19. a5 e4 20. Ba6 Bd7 21. Kd2 f5 22. hxg6 f4 23. Raf1 Qg5 24. Qe1 Rf6 25. c4 Ref8 0-1

[Event "ETCC Open 2023"]
[Site "Budva"]
[Date "2023.11.14"]
[Round "4.66"]
[White "Macovei, Andrei"]
[Black "Sukovic, Andrej"]
[Result "1-0"]
[ECO "C02"]
[WhiteElo "2446"]
[BlackElo "2382"]
[Annotator "ChessBase"]
[PlyCount "111"]
[EventDate "2023.11.10"]
[EventType "team-tourn"]
[EventCountry "MNE"]
[SourceTitle "playchess.com"]
[Source "ChessBase"]
[SourceQuality "1"]
[WhiteTeam "Moldova"]
[BlackTeam "Montenegro"]
[WhiteTeamCountry "MDA"]
[BlackTeamCountry "MNE"]
[TimeControl "40/5400+30:1800+30"]

1. e4 e6 2. d4 d5 3. e5 c5 4. c3 Nc6 5. Nf3 Bd7 6. Be2 Nge7 7. Na3 cxd4 8. cxd4 Nf5 9. Nc2 Be7 10. O-O O-O 11. Bd3 f6 12. Bf4 fxe5 13. Nxe5 Rc8 14. Qd2 Be8 15. Nxc6 Rxc6 16. Rfe1 Bg6 17. Be5 a6 18. Qe2 Bh4 19. g3 Bf6 20. Rad1 Kh8 21. a3 Bxe5 22. dxe5 Qb6 23. Bxf5 Rxf5 24. Rd2 Rc4 25. Qe3 Qxe3 26. Rxe3 Rf8 27. Nd4 Re8 28. Rd1 Kg8 29. Rc3 Rxc3 30. bxc3 Kf7 31. Kf1 Rc8 32. Rc1 Bd3+ 33. Ke1 g5 34. Kd2 Bg6 35. f3 Rc4 36. Ra1 b5 37. Ra2 Ke7 38. Rb2 Ra4 39. Rb3 h5 40. h4 gxh4 41. gxh4 Be8 42. Kc2 Rc4 43. Rb4 Rc8 44. Ne2 Bg6+ 45. Kd2 Rf8 46. Rf4 Rg8 47. Ke3 Bf5 48. a4 Bh3 49. axb5 axb5 50. Rb4 Rb8 51. Nd4 Rc8 52. Kd2 Bf1 53. Rb1 Bc4 54. Ra1 Kf7 55. Ra7+ Kg6 56. Re7 1-0

[Event "ETCC Open 2023"]
[Site "Budva"]
[Date "2023.11.14"]
[Round "4.67"]
[White "Pecurica, Milos"]
[Black "Iordachescu, Viorel"]
[Result "1/2-1/2"]
[ECO "B14"]
[WhiteElo "2342"]
[BlackElo "2586"]
[Annotator "ChessBase"]
[PlyCount "107"]
[EventDate "2023.11.10"]
[EventType "team-tourn"]
[EventCountry "MNE"]
[SourceTitle "playchess.com"]
[Source "ChessBase"]
[SourceQuality "1"]
[WhiteTeam "Montenegro"]
[BlackTeam "Moldova"]
[WhiteTeamCountry "MNE"]
[BlackTeamCountry "MDA"]
[TimeControl "40/5400+30:1800+30"]

1. e4 c6 2. d4 d5 3. exd5 cxd5 4. c4 Nf6 5. Nc3 g6 6. Qb3 Bg7 7. cxd5 O-O 8. Be2 Na6 9. Bf3 b5 10. a3 Rb8 11. Bf4 Rb6 12. Nge2 b4 13. Na4 Rb5 14. Nec3 Rb7 15. axb4 Nxb4 16. Qd1 Nfxd5 17. Bg3 e6 18. O-O Nc6 19. Nxd5 exd5 20. Be5 Nxe5 21. dxe5 Bxe5 22. Qxd5 Qf6 23. Nc5 Re7 24. Ra4 Bxb2 25. Qa2 Bd4 26. Ne4 Qe5 27. Qd2 Bb6 28. Qh6 Bf5 29. Rd1 Rfe8 30. Qh4 Kg7 31. g3 Rd8 32. Re1 h6 33. Re2 Red7 34. g4 Bxe4 35. Raxe4 Rd1+ 36. Kg2 Qa1 37. Kh3 R8d3 38. Rf4 Rxf3+ 39. Rxf3 Rd7 40. Kg2 Bd8 41. Qg3 Bf6 42. Rd3 Rxd3 43. Qxd3 Qa5 44. Qc4 Qg5 45. h3 h5 46. Re4 hxg4 47. Rxg4 Qf5 48. Rf4 Qg5+ 49. Rg4 Qf5 50. Rf4 Qg5+ 51. Kh1 a5 52. h4 Qe5 53. Kg2 Qe7 54. Rg4 1/2-1/2

[Event "ETCC Open 2023"]
[Site "Budva"]
[Date "2023.11.14"]
[Round "4.68"]
[White "Lashkin, Jegor"]
[Black "Pobor, Milo"]
[Result "0-1"]
[ECO "D37"]
[WhiteElo "2457"]
[BlackElo "2195"]
[Annotator "ChessBase"]
[PlyCount "70"]
[EventDate "2023.11.10"]
[EventType "team-tourn"]
[EventCountry "MNE"]
[SourceTitle "playchess.com"]
[Source "ChessBase"]
[SourceQuality "1"]
[WhiteTeam "Moldova"]
[BlackTeam "Montenegro"]
[WhiteTeamCountry "MDA"]
[BlackTeamCountry "MNE"]
[TimeControl "40/5400+30:1800+30"]

1. d4 Nf6 2. c4 e6 3. Nf3 d5 4. Nc3 Be7 5. Bf4 O-O 6. e3 c5 7. dxc5 Bxc5 8. a3 Nc6 9. Qc2 Re8 10. b4 e5 11. Bg5 Bd4 12. exd4 exd4+ 13. Ne2 h6 14. Bh4 g5 15. Bg3 dxc4 16. O-O-O d3 17. Qxc4 Bf5 18. Nc3 Rc8 19. Bxd3 Nxb4 20. Qxb4 Bxd3 21. Kb2 Re6 22. Nd4 Rb6 23. Ndb5 a6 24. Bd6 Rc4 25. Qb3 axb5 26. Bb4 Qd4 27. Rhe1 Nd5 28. Rxd3 Qxd3 29. Rd1 Nxb4 30. Rxd3 Nxd3+ 31. Ka1 Re6 32. Nb1 Nc1 33. Qf3 Re2 34. Nd2 Rxd2 35. Qe3 Nb3+ 0-1

[Event "ETCC Open 2023"]
[Site "Budva"]
[Date "2023.11.14"]
[Round "4.69"]
[White "Nielsen, Hogni Egilstoft"]
[Black "Kalezic, Blazo"]
[Result "1/2-1/2"]
[ECO "C11"]
[WhiteElo "2387"]
[BlackElo "2401"]
[Annotator "ChessBase"]
[PlyCount "83"]
[EventDate "2023.11.10"]
[EventType "team-tourn"]
[EventCountry "MNE"]
[SourceTitle "playchess.com"]
[Source "ChessBase"]
[SourceQuality "1"]
[WhiteTeam "Faroe Islands"]
[BlackTeam "Montenegro"]
[WhiteTeamCountry "FAI"]
[BlackTeamCountry "MNE"]
[TimeControl "40/5400+30:1800+30"]

1. e4 e6 2. Nf3 d5 3. Nc3 Nf6 4. e5 Nfd7 5. d4 c5 6. dxc5 Nxc5 7. Bd3 Nc6 8. O-O Be7 9. Re1 Nxd3 10. Qxd3 a6 11. Ne2 Bd7 12. Ned4 g5 13. Nxc6 bxc6 14. c4 g4 15. Nd4 c5 16. Nc2 h5 17. cxd5 Bb5 18. Qc3 Qxd5 19. Ne3 Qd4 20. Rd1 Qe4 21. b3 O-O 22. Ba3 Rac8 23. Rac1 h4 24. Qc2 Qf4 25. Nc4 g3 26. hxg3 hxg3 27. fxg3 Qh6 28. Qe4 Bg5 29. Rb1 f5 30. exf6 Bxc4 31. bxc4 Be3+ 32. Kf1 Rxf6+ 33. Ke2 Rf2+ 34. Kd3 Rxa2 35. Bb2 Rd8+ 36. Ke2 Rxd1 37. Kxd1 Bd4 38. Bc3 Bxc3 39. Rb8+ Kf7 40. Rb7+ Kg8 41. Rb8+ Kf7 42. Rb7+ 1/2-1/2

[Event "ETCC Open 2023"]
[Site "Budva"]
[Date "2023.11.14"]
[Round "4.70"]
[White "Krivokapic, Marko"]
[Black "Poulsen, Martin"]
[Result "1/2-1/2"]
[ECO "B01"]
[WhiteElo "2386"]
[BlackElo "2291"]
[Annotator "ChessBase"]
[PlyCount "43"]
[EventDate "2023.11.10"]
[EventType "team-tourn"]
[EventCountry "MNE"]
[SourceTitle "playchess.com"]
[Source "ChessBase"]
[SourceQuality "1"]
[WhiteTeam "Montenegro"]
[BlackTeam "Faroe Islands"]
[WhiteTeamCountry "MNE"]
[BlackTeamCountry "FAI"]
[TimeControl "40/5400+30:1800+30"]

1. e4 d5 2. exd5 Qxd5 3. Nf3 Bg4 4. Be2 Nc6 5. d4 O-O-O 6. c4 Qf5 7. Be3 Bxf3 8. Bxf3 Nxd4 9. Bxd4 Qe6+ 10. Be2 c5 11. O-O Rxd4 12. Qa4 Qxe2 13. Nc3 Qxc4 14. Qxa7 Nf6 15. a4 Nd7 16. Nb5 e5 17. Qa8+ Nb8 18. Na7+ Kc7 19. Nb5+ Kc8 20. Na7+ Kc7 21. Nb5+ Kc8 22. Na7+ 1/2-1/2

[Event "ETCC Open 2023"]
[Site "Budva"]
[Date "2023.11.14"]
[Round "4.71"]
[White "Egilstoft, Rogvi"]
[Black "Draganic, Veljko"]
[Result "0-1"]
[ECO "B12"]
[WhiteElo "2254"]
[BlackElo "2294"]
[Annotator "ChessBase"]
[PlyCount "74"]
[EventDate "2023.11.10"]
[EventType "team-tourn"]
[EventCountry "MNE"]
[SourceTitle "playchess.com"]
[Source "ChessBase"]
[SourceQuality "1"]
[WhiteTeam "Faroe Islands"]
[BlackTeam "Montenegro"]
[WhiteTeamCountry "FAI"]
[BlackTeamCountry "MNE"]
[TimeControl "40/5400+30:1800+30"]

1. e4 c6 2. d4 d5 3. e5 c5 4. dxc5 e6 5. a3 Bxc5 6. b4 Be7 7. Nf3 a5 8. b5 Nd7 9. Bd3 f6 10. Bb2 Nh6 11. O-O Nf7 12. exf6 Bxf6 13. Bxf6 Qxf6 14. Nbd2 e5 15. c4 e4 16. Bxe4 dxe4 17. Nxe4 Qh6 18. c5 O-O 19. Qb3 Kh8 20. Rfe1 Nf6 21. Nd6 Nxd6 22. cxd6 Qf4 23. Rad1 a4 24. Qc3 Bg4 25. Rd4 Qf5 26. Re5 Qb1+ 27. Qe1 Qb2 28. Rb4 Qxa3 29. Ng5 h6 30. h3 Bd7 31. Ne4 Qd3 32. Re7 Nxe4 33. Rbxe4 Qxd6 34. Qe3 Bxb5 35. R4e6 Qf4 36. Qc5 Rac8 37. g3 Rxc5 0-1